 Dungeon Crawl Stone Soup version 0.29.1-12-g30fa7ad0bf (webtiles) character file.

Game seed: 6719300058365177471

1061 retardedninja the Covered (level 8, -13/71 HPs)
             Began as a Minotaur Fighter on Jan 12, 2023.
             Was an Initiate of Gozag.
             Mangled by an acid dragon (15 damage)
             ... on level 5 of the Dungeon.
             The game lasted 00:10:11 (8512 turns).

retardedninja the Covered (Minotaur Fighter)        Turns: 8512, Time: 00:10:12

Health: -13/71     AC:  0    Str: 23    XL:     8   Next: 6%
Magic:  7/7        EV:  6    Int:  5    God:    Gozag
Gold:   262        SH:  9    Dex: 10    Spells: 7/7 levels left

rFire   . . .      SeeInvis .   a - +0 war axe
rCold   . . .      Faith    .   s - +0 kite shield
rNeg    . . .      Spirit   .   p - +2 chain mail
rPois   .          Reflect  .   (helmet restricted)
rElec   .          Harm     .   (no cloak)
rCorr   .          Rampage  .   (no gloves)
Will    .....                   (no boots)
Stlth   ..........              (no amulet)
HPRegen 0.21/turn               (no ring)
MPRegen 0.10/turn               (no ring)

@: corroded, flying
A: horns 2, retaliatory headbutt
a: Renounce Religion, Potion Petition, Call Merchant, Bribe Branch


You were on level 5 of the Dungeon.
You worshipped Gozag.
Gozag was aware of your devotion.
You visited 2 branches of the dungeon, and saw 6 of its levels.
You also visited: Sewer.

You collected 331 gold pieces.
You paid 69 gold pieces to Gozag.

Inventory:

Hand Weapons
 a - a +0 war axe (weapon)
Armour
 p - a +2 chain mail (worn)
 s - a +0 kite shield (worn)
Wands
 h - a wand of polymorph (2)
 k - a wand of roots (7)
Scrolls
 f - 3 scrolls of teleportation
 q - a scroll of immolation
 r - a scroll of blinking
Potions
 d - a potion of might
 g - 2 potions of lignification
 i - a potion of brilliance
 l - a potion of berserk rage
 n - a potion of flight
 o - a potion of resistance {unknown}


   Skills:
 + Level 6.7 Fighting
 + Level 6.1 Axes
 + Level 6.7 Armour
 + Level 6.6 Shields


You had 7 spell levels left.
You didn't know any spells.
Your spell library contained the following spells:

 Spells                   Type           Power      Damage    Failure   Level
 Magic Dart               Conj           0%         1d3       100%        1
 Necrotise                Necr           0%         1d4       100%        1
 Static Discharge         Conj/Air       0%         3-3/arc   100%        2
 Ozocubu's Armour         Ice            0%         N/A       100%        3
 Vampiric Draining        Necr           0%         2d6       100%        3
 Dispel Undead            Necr           0%         3d6       100%        4
 Sticky Flame             Conj/Fire      0%         2d3       100%        4
 Agony                    Necr           0%         N/A       100%        5
 Ozocubu's Refrigeration  Ice            0%         4d7       100%        7


Dungeon Overview and Level Annotations

Branches:
Dungeon (5/15)             Temple (1/1) D:4           Sewer (visited)

Altars:
Ashenzari
Cheibriados
Dithmenos
Elyvilon
Fedhas
Gozag
Hepliaklqana
Makhleb
Okawaru
Qazlal
Ru
Trog
Vehumet
Wu Jian
Xom
Yredelemnul
Zin
The Shining One

Shops:
D:5 *


Innate Abilities, Weirdness & Mutations

You have a pair of horns on your head.
You reflexively headbutt those who attack you in melee.


Message History

The acid dragon claws you but does no damage.
You closely miss the acid dragon.
You headbutt the acid dragon, but do no damage.
The acid dragon is severely wounded.
The acid dragon spits acid at you. The splash of acid hits you!
The acid corrodes you! The acid dragon spits acid at you.
The splash of acid hits you!!
* * * LOW HITPOINT WARNING * * *
You feel better. You block the acid dragon's attack.
The acid dragon closely misses you.
You hit the acid dragon but do no damage.
You headbutt the acid dragon.
The acid dragon is almost dead.
You block the acid dragon's attack. x2
You closely miss the acid dragon.
The acid dragon is almost dead.
The acid dragon bites you. The acid dragon claws you.
You hit the acid dragon but do no damage.
You headbutt the acid dragon, but do no damage.
The acid dragon is almost dead.
The acid dragon bites you.
* * * LOW HITPOINT WARNING * * *
The acid dragon claws you.
* * * LOW HITPOINT WARNING * * *
The acid dragon completely misses you. You furiously retaliate!
You headbutt the acid dragon, but do no damage.
The acid dragon claws you.
* * * LOW HITPOINT WARNING * * *
You hit the acid dragon but do no damage.
The acid dragon is almost dead.
The acid dragon spits acid at you. The splash of acid hits you!
* * * LOW HITPOINT WARNING * * *
The acid corrodes you!
It was a potion of flight.
You feel very buoyant.
You fly up into the air.
The acid dragon bites you!
You die...
Your body crumbles into a pile of gold.

## #........... .
#.........## #. #.........#
#. ### ############ #..#..
♣♣ #.........# .#.#..#.###
♣∩♣♣#########.#
..........#♣...♣#..........
#...#..⌠..#########.#
#.#.@D...... ##'#
#.#......... #...
#.###..⌠..#. #... #.#
♣§§..# #... #.# §§♣.#+###
#... #.# ♣§.##...# #... #.#
#######...# #...
#######.###.........# #...
..........#.........# #...


You could see an acid dragon (catching breath).

Vanquished Creatures
  Eustachio (D:4)
  A black bear (D:4)
  2 bullfrogs (Sewer)
  2 scorpions
  3 orc priests
  A hound (D:5)
  Jessica (D:2)
  Ijyb (D:2)
  3 orc wizards (D:4)
  Robin (D:4)
  4 gnolls
  8 adders
  2 river rats (D:3)
  3 worms
  2 dart slugs
  21 orcs
  15 ball pythons
  18 endoplasms
  7 giant cockroaches
  14 goblins
  10 hobgoblins
  7 jackals
  8 kobolds
  10 quokkas
  2 bats
  17 frilled lizards
  8 rats
172 creatures vanquished.

Vanquished Creatures (others)
  A fungus (D:2)
  3 plants (D:2)
4 creatures vanquished.

Grand Total: 176 creatures vanquished

Notes
Turn   | Place    | Note
-------+----------+-------------------------------------------
     0 | D:1      | retardedninja the Minotaur Fighter began the quest for the
                  | Orb.
     0 | D:1      | Reached XP level 1. HP: 19/19 MP: 0/0
    90 | D:1      | Reached XP level 2. HP: 27/27 MP: 1/1
   982 | D:2      | Reached XP level 3. HP: 32/33 MP: 2/2
  1358 | D:2      | Found a faded altar of an unknown god.
  1362 | D:2      | Got Plato's Folio of the Impact
  1542 | D:2      | Noticed Ijyb
  1577 | D:2      | Killed Ijyb
  1578 | D:2      | Reached XP level 4. HP: 31/41 MP: 3/3
  2374 | D:2      | Noticed Jessica
  2379 | D:2      | Killed Jessica
  2518 | D:3      | Found a glowing drain.
  2524 | D:3      | Reached XP level 5. HP: 44/47 MP: 4/4
  2534 | Sewer    | Entered a sewer
  3313 | Sewer    | Reached skill level 5 in Armour
  3742 | Sewer    | Reached skill level 5 in Fighting
  3742 | Sewer    | Reached skill level 5 in Shields
  3743 | Sewer    | Reached XP level 6. HP: 30/56 MP: 5/5
  5268 | D:4      | Noticed Eustachio
  6282 | D:3      | Reached skill level 5 in Axes
  6282 | D:3      | Reached XP level 7. HP: 53/62 MP: 6/6
  6986 | D:4      | Killed Eustachio
  7266 | D:4      | Found a stormy altar of Qazlal.
  7271 | D:4      | Noticed Robin
  7286 | D:4      | Killed Robin
  7525 | D:4      | Found a staircase to the Ecumenical Temple.
  7545 | Temple   | Entered the Ecumenical Temple
  7595 | Temple   | Became a worshipper of Gozag Ym Sagoz the Greedy
  7886 | D:4      | Found a shadowy altar of Dithmenos.
  8151 | D:5      | Entered Level 5 of the Dungeon
  8270 | D:5      | Reached XP level 8. HP: 64/71 MP: 7/7
  8498 | D:5      | Found Ligaschopn's Fire Supplies.
  8511 | D:5      | HP: 2/71 [acid dragon/splash of acid (13)]
  8512 | D:5      | Mangled by an acid dragon

Illustrated notes

Levels and vault maps discovered:
D:1:      nzn_arrival_crosshair, layout_basic, minivault_27
D:2:      kennysheep_the_goblin_king, layout_loops_corners,
          shapermc_ecumenical_altar_rom_forum, minmay_tromino_v4_b, uniq_jessica
D:3:      layout_basic, portal_sewer_entry_a, minmay_misc_feat_doors,
          minmay_cupped
D:4:      layout_basic, mainiacjoe_overflow_alcove_2, grunt_qazlal_sundering,
          minmay_temple_entry_glassed_door, uniq_robin, uniq_eustachio
D:5:      layout_basic, lemuel_coloured_pillars_altar,
          mainiacjoe_overflow_big_doors, minivault_1, nicolae_shop_fire_sale
          [nicolae_sub_dead_trees]
Temple:   nicolae_temple_x_marks_the_god

Skill      XL: |  1  2  3  4  5  6  7 |
---------------+----------------------+-----
Shields        | 4 5 6 |  6.6
Armour         | 4 5 6 |  6.7
Fighting       | 4 5 6 |  6.7
Axes           | 3 4 5 6 |  6.1

Action                   |  1- 3 |  4- 6 |  7- 9 || total
-------------------------+-------+-------+-------++-------
Melee: War axe           |    78 |   205 |    97 ||   380
       Headbutt          |    12 |    22 |     9 ||    43
       Unarmed           |    21 |       |       ||    21
  Use: Potion            |     2 |       |     2 ||     4
       Scroll            |       |     3 |     7 ||    10
Armor: Scale mail        |    40 |   102 |       ||   142
       Skin              |    18 |       |       ||    18
       Chain mail        |       |    20 |   104 ||   124
Dodge: Dodged            |    96 |   134 |    50 ||   280
Block: Buckler           |    19 |    88 |    18 ||   125
       Kite shield       |       |       |    32 ||    32
